 Dungeon Crawl Stone Soup version 0.16.2-12-gd0ad4c3 (webtiles) character file.

419 faibistes the Magician (level 6, -2/32 HPs)
             Began as a Deep Elf Wizard on Dec 30, 2017.
             Shot with an arrow by a centaur (15 damage)
             ... on level 5 of the Dungeon.
             The game lasted 00:08:52 (3437 turns).

faibistes the Magician (Deep Elf Wizard)            Turns: 3437, Time: 00:08:52

Health: -2/32      AC:  6    Str:  4    XL:     6   Next: 62%
Magic:  9/23       EV: 14    Int: 27    God:
Gold:   112        SH:  0    Dex: 13    Spells: 6 memorised, 6 levels left

rFire  + . .     SeeInvis .     q - staff of fire
rCold  . . .     Clarity  .     i - +2 robe {MR+}
rNeg   . . .     SustAb   .     (no shield)
rPois  .         Gourm    .     b - +1 hat
rElec  .         Spirit   .     (no cloak)
rCorr  .         Warding  .     (no gloves)
rMut   .         Stasis   .     h - +0 pair of boots
MR     +....                    (no amulet)
Stlth  ++........               o - ring of invisibility
                                l - ring of wizardry

@: repel missiles, somewhat resistant to hostile enchantments, unstealthy
A: antennae 1, clever 1
a: Evoke Invisibility


You were on level 5 of the Dungeon.
You were hungry.

You visited 1 branch of the dungeon, and saw 5 of its levels.

You collected 112 gold pieces.

Inventory:

Armour
 a - a +0 robe
 b - a +1 hat (worn)
 h - a +0 pair of boots (worn)
 i - a +2 robe of magic resistance (worn)
Magical staves
 q - an uncursed staff of fire (weapon)
Jewellery
 l - a ring of wizardry (left hand)
 n - an uncursed ring of teleport control
 o - a ring of invisibility (right hand)
Scrolls
 e - a scroll of amnesia
Potions
 f - a potion of resistance
 g - a potion of might
 j - 2 potions of lignification
 m - 2 potions of curing
 s - 2 potions of mutation {unknown}
Books
 c - a book of Minor Magic

   Spells                             Type                      Level
   a - Magic Dart                     Conjuration                  1
   b - Blink                          Translocation                2
   c - Call Imp                       Summoning                    2
   d - Repel Missiles                 Charms/Air                   2
   e - Slow                           Hexes                        2
   f - Conjure Flame                  Conjuration/Fire             3
   g - Mephitic Cloud                 Conjuration/Poison/Air       3
Comestibles
 d - 4 bread rations
 k - 2 meat rations
 p - 4 chunks of flesh
 r - 2 fruits


   Skills:
 * Level 0.1 Fighting
 + Level 4.6 Dodging
 - Level 2.4 Stealth
 * Level 7.3 Spellcasting
 - Level 4.0 Conjurations
 - Level 1.1 Summonings
 - Level 2.0 Translocations
 + Level 0.0 Evocations


You had 6 spell levels left.
You knew the following spells:

 Your Spells              Type           Power        Failure   Level  Hunger
a - Magic Dart            Conj           ####         1%          1    None
b - Conjure Flame         Conj/Fire      ####....     4%          3    None
c - Call Imp              Summ           ###.....     3%          2    None
d - Blink                 Tloc           N/A          1%          2    None
e - Mephitic Cloud        Conj/Pois/Air  ###.....     4%          3    None
f - Repel Missiles        Chrm/Air       #.....       4%          2    None


Dungeon Overview and Level Annotations

Branches:
Dungeon (5/15)
 Temple: D:4-7

Altars:
Cheibriados
Elyvilon
Fedhas
Nemelex Xobeh
Okawaru
Vehumet
Xom


Innate Abilities, Weirdness & Mutations

You have a pair of small antennae on your head.
Your mind is acute. (Int +2)


Message History

You hit the centaur.
The centaur is heavily wounded.
You are feeling hungry.
You hit the centaur but do no damage.
The centaur is heavily wounded.
You hear the rusting of a very distant drain.
The centaur closely misses you.
The centaur laughs at nothing.
You hit the centaur.
The centaur is severely wounded.
Casting: Magic Dart
Confirm with . or Enter, or press ? or * to list all spells.
Aiming: Magic Dart
Press: ? - help, Shift-Dir - straight line, f - centaur
Aim: a centaur (severely wounded, bewildered and confused)
The magic dart hits the centaur.
The centaur is almost dead.
The centaur seems less confused.
The centaur wields a runed shortbow.
It bursts into flame!
The centaur shoots an arrow.
The arrow hits you!
You die...

#... ... #.. #
.. .###.#.##
.........##
..........##
.####.#ยง#..##
#.#.@.## #
..##.###.c# #
#.....####.##
# #........# #
##.###...##
#.# #. #....#
..## #!.
###.###..#.#
..l. ...
...........#
.#.. #.#
...........#


You could see a centaur.

Vanquished Creatures
  An ogre (D:5)
  2 ice beasts (D:5)
  Natasha (D:5)
  A worker ant (D:4)
  3 adders
  3 worms (D:2)
  An adder zombie (D:5)
  2 giant geckos
  An ooze (D:5)
  7 orcs
  9 bats
  3 giant cockroaches
  6 goblins
  6 hobgoblins
  5 giant newts
  A kobold (D:4)
  2 quokkas
  7 rats
61 creatures vanquished.

Vanquished Creatures (collateral kills)
  A gnoll (D:1)
1 creature vanquished.

Grand Total: 62 creatures vanquished

Notes
Turn   | Place    | Note
--------------------------------------------------------------
     0 | D:1      | faibistes, the Deep Elf Wizard, began the quest for the Orb.
     0 | D:1      | Reached XP level 1. HP: 10/10 MP: 6/6
   386 | D:2      | Reached XP level 2. HP: 13/15 MP: 4/10
   390 | D:2      | Learned a level 2 spell: Blink
   393 | D:2      | Learned a level 2 spell: Call Imp
   540 | D:1      | Reached skill level 5 in Spellcasting
   651 | D:1      | Gained mutation: Your mind is acute. (Int +2) [potion of beneficial mutation]
   652 | D:1      | Gained mutation: You have a pair of small antennae on your head. [potion of beneficial mutation]
  1168 | D:2      | Reached XP level 3. HP: 19/19 MP: 7/14
  1173 | D:2      | Learned a level 3 spell: Conjure Flame
  1177 | D:2      | Learned a level 3 spell: Mephitic Cloud
  1255 | D:2      | Found a shimmering altar of Xom.
  1257 | D:2      | Found a snail-covered altar of Cheibriados.
  1258 | D:2      | Found a radiant altar of Vehumet.
  1311 | D:2      | Found a white marble altar of Elyvilon.
  1626 | D:2      | Found a blossoming altar of Fedhas.
  1634 | D:2      | Found a sparkling altar of Nemelex Xobeh.
  1638 | D:2      | Found an iron altar of Okawaru.
  1912 | D:3      | Reached XP level 4. HP: 17/24 MP: 7/17
  1938 | D:3      | Learned a level 2 spell: Repel Missiles
  3011 | D:4      | Reached skill level 6 in Spellcasting
  3133 | D:5      | Entered Level 5 of the Dungeon
  3189 | D:5      | Noticed an ogre
  3201 | D:5      | Killed an ogre
  3201 | D:5      | Reached XP level 5. HP: 28/28 MP: 16/21
  3273 | D:5      | Noticed an ice beast
  3274 | D:5      | Noticed an ice beast
  3286 | D:5      | Killed an ice beast
  3286 | D:5      | Reached skill level 7 in Spellcasting
  3286 | D:5      | Reached XP level 6. HP: 32/32 MP: 9/23
  3351 | D:5      | Killed an ice beast
  3401 | D:5      | Noticed a centaur
  3406 | D:5      | Noticed Natasha
  3430 | D:5      | Killed Natasha
  3437 | D:5      | Shot with an arrow by a centaur

Action                   |  1- 3 |  4- 6 || total
-------------------------+-------+-------++-------
Melee: Unarmed           |     8 |       ||     8
       Staff             |       |    17 ||    17
 Cast: Magic Dart        |    73 |    63 ||   136
       Call Imp          |     4 |       ||     4
       Conjure Flame     |     1 |     7 ||     8
       Blink             |     1 |       ||     1
       Mephitic Cloud    |       |     4 ||     4
       Repel Missiles    |       |     1 ||     1
  Use: Scroll            |     4 |     4 ||     8
       Potion            |     2 |       ||     2
 Stab: Confused          |       |     1 ||     1
  Eat: Chunk             |     3 |     4 ||     7
